 Dungeon Crawl Stone Soup version 0.20.0-10-g0535bb4 (webtiles) character file.

158 Dfrag the Firebug (level 5, 0/35 HPs)
             Began as a Demonspawn Fire Elementalist on June 5, 2017.
             Slain by an orc warrior
             ... wielding a +0 mace
              (15 damage)
             ... on level 4 of the Dungeon.
             The game lasted 00:03:53 (2174 turns).

Dfrag the Firebug (Demonspawn Fire Elementalist)    Turns: 2174, Time: 00:03:54

Health: 0/35       AC:  4    Str:  9    XL:     5   Next: 16%
Magic:  1/10       EV: 17    Int: 17    God:
Gold:   210        SH:  0    Dex: 18    Spells: 3/10 levels left

rFire    . . .     SeeInvis .   d - -2 whip (curse)
rCold    + . .     Gourm    .   (no shield)
rNeg     . . .     Faith    .   a - +0 robe
rPois    .         Spirit   .   p - +2 hat
rElec    .         Reflect  .   (no cloak)
rCorr    .         Harm     .   (no gloves)
MR       .....                  (no boots)
Stlth    ++++......             (no amulet)
Regen    0.2/turn               j - ring of stealth
MPRegen  0.2/turn               (no ring)

@: agile, very slightly contaminated
A: cold resistance 1, powered by pain 1, freezing cloud immunity
a: no special abilities


You were on level 4 of the Dungeon.
You were not hungry.

You visited 1 branch of the dungeon, and saw 4 of its levels.

You collected 210 gold pieces.

Inventory:

Hand Weapons
 d - a cursed -2 whip (weapon)
Missiles
 k - 4 javelins of returning (quivered)
Armour
 a - a +0 robe (worn)
 p - a +2 hat (worn)
Jewellery
 j - a ring of stealth (left hand)
 q - an uncursed amulet of rage {unknown}
Scrolls
 g - a scroll of enchant armour {unknown}
 m - 7 scrolls of remove curse {unknown}
 n - 4 scrolls of identify {unknown}
 o - 2 scrolls of recharging {unknown}
 t - 2 scrolls of enchant weapon {unknown}
 y - a scroll of immolation {unknown}
Potions
 e - 2 potions of lignification {unknown}
 h - 5 potions of mutation {unknown}
 s - a potion of cancellation {unknown}
 u - a potion of brilliance {unknown}
 w - a potion of might {unknown}
 x - a potion of flight {unknown}
 z - a potion of degeneration {unknown}
Books
 b - a book of Flames

   Spells                             Type                      Level
   a - Flame Tongue                   Conjuration/Fire             1
   b - Throw Flame                    Conjuration/Fire             2
   c - Conjure Flame                  Conjuration/Fire             3
   d - Inner Flame                    Hexes/Fire                   3
   e - Sticky Flame                   Conjuration/Fire             4
   f - Fireball                       Conjuration/Fire             5
 v - a book of Misfortune

   Spells                             Type                      Level
   a - Confusing Touch                Hexes                        1
   b - Confuse                        Hexes                        3
   c - Gell's Gravitas                Translocation                3
   d - Petrify                        Transmutation/Earth          4
   e - Metabolic Englaciation         Hexes/Ice                    5
   f - Yara's Violent Unravelling     Hexes/Transmutation          5
Comestibles
 c - 6 bread rations
 f - 9 fruits
 i - 3 meat rations
 l - a royal jelly
 r - 4 chunks of flesh


   Skills:
 - Level 1.7 Dodging
 - Level 1.7 Stealth
 + Level 3.3 Spellcasting
 + Level 3.1 Conjurations
 + Level 3.6 Fire Magic


You had 3 spell levels left.
You knew the following spells:

 Your Spells              Type           Power        Failure   Level  Hunger
a - Flame Tongue          Conj/Fire      ##...        4%          1    None
b - Conjure Flame         Conj/Fire      ##......     13%         3    ###....
c - Inner Flame           Hex/Fire       #.......     24%         3    ###....


Dungeon Overview and Level Annotations

Branches:
Dungeon (4/15)
 Temple: D:4-7

Altars:


Innate Abilities, Weirdness & Mutations

Your flesh is cold resistant. (rC+)
You sometimes gain a little power by taking damage.
You are immune to freezing clouds.


Message History

The flame tongue hits the orc wizard.
You kill the orc wizard!
Your Conjurations skill increases to level 3!
You have reached level 5!
Your demonic ancestry asserts itself...
You feel energised by your suffering.
Casting: Flame Tongue
Confirm with . or Enter, or press ? or * to list all spells.
Aiming: Inner Flame
Press: ? - help, Shift-Dir - straight line, f - orc warrior
Aim: an orc warrior, wielding a mace and wearing a plate armour (chance to defeat MR: 53%)
The orc warrior is filled with an inner flame.
The orc warrior hits you with a mace!
You focus on the pain.
You feel agile all of a sudden.
The orc wizard gestures wildly while chanting.
The orc wizard flickers and vanishes!
Deactivating autopickup; reactivate with Ctrl-A.
There is a stone staircase leading up here.
The orc warrior hits you with a mace!
You die...

### #.# #.#
#o# #{# #)#
#.#########
#.o@.......
###########


You could see an orc warrior (inner flame).

Vanquished Creatures
  A bullfrog (D:3)
  An orc wizard (D:4)
  3 worms (D:2)
  3 dart slugs
  3 leopard geckos (D:1)
  An orc (D:3)
  3 bats
  2 giant cockroaches
  4 goblins
  6 hobgoblins
  3 jackals (D:3)
  2 ball pythons
  8 frilled lizards
  4 kobolds
  9 rats
53 creatures vanquished.

Notes
Turn   | Place    | Note
-------+----------+-------------------------------------------
     0 | D:1      | Dfrag the Demonspawn Fire Elementalist began the quest for the Orb.
     0 | D:1      | Reached XP level 1. HP: 13/13 MP: 3/3
   125 | D:1      | Gained mutation: Your flesh is cold resistant. (rC+) [demonic ancestry]
   125 | D:1      | Reached XP level 2. HP: 16/19 MP: 1/5
  1173 | D:2      | Gained mutation: You are immune to freezing clouds. [demonic ancestry]
  1173 | D:2      | Reached XP level 3. HP: 17/24 MP: 2/6
  1860 | D:3      | Noticed a bullfrog
  1878 | D:3      | Killed a bullfrog
  1878 | D:3      | Reached XP level 4. HP: 12/30 MP: 4/8
  1884 | D:3      | Learned a level 3 spell: Conjure Flame
  1888 | D:3      | Learned a level 3 spell: Inner Flame
  2164 | D:4      | Noticed an orc warrior
  2170 | D:4      | Gained mutation: You sometimes gain a little power by taking damage. [demonic ancestry]
  2170 | D:4      | Reached XP level 5. HP: 28/35 MP: 3/10
  2174 | D:4      | Slain by an orc warrior

Skill      XL: |  1  2  3  4 |
---------------+-------------+-----
Conjurations   | 2 3 |  3.1
Fire Magic     | 3 |  3.6
Spellcasting   | 3 |  3.3
Dodging        | |  1.7
Stealth        | |  1.7

Action                   |  1- 3 |  4- 6 || total
-------------------------+-------+-------++-------
Melee: Whip              |    67 |       ||    67
 Cast: Flame Tongue      |    70 |    12 ||    82
       Inner Flame       |       |     1 ||     1
 Stab: Sleeping          |     3 |       ||     3
  Eat: Chunk             |     4 |     1 ||     5
Armor: Robe              |    23 |     2 ||    25
Dodge: Dodged            |    67 |     6 ||    73
